 Dungeon Crawl Stone Soup version 0.28.0 (webtiles) character file.

Game seed: 18314670060391382280

44 pkoi the Insei (level 3, -2/31 HPs)
             Began as a Draconian Monk on Feb 17, 2022.
             Slain by a gnoll (7 damage)
             ... on level 3 of the Dungeon.
             The game lasted 00:02:27 (2093 turns).

pkoi the Insei (Draconian Monk)                     Turns: 2093, Time: 00:02:27

Health: -2/31      AC:  6    Str: 13    XL:     3   Next: 41%
Magic:  3/3        EV: 27    Int: 12    God:
Gold:   60         SH:  0    Dex: 13    Spells: 2/2 levels left

rFire   . . .      SeeInvis .     - Unarmed
rCold   . . .      Faith    .   (no shield)
rNeg    . . .      Spirit   .   (armour unavailable)
rPois   .          Reflect  .   (helmet restricted)
rElec   .          Harm     .   f - +0 cloak
rCorr   .          Rampage  .   (no gloves)
Will    .....                   (no boots)
Stlth   ++........              e - amulet of the acrobat
HPRegen 0.10/turn               (no ring)
MPRegen 0.08/turn               (no ring)

@: acrobatic
A: AC +5, unfitting armour, cold-blooded
a: no special abilities


You were on level 3 of the Dungeon.
You visited 1 branch of the dungeon, and saw 3 of its levels.

You collected 60 gold pieces.

Inventory:

Hand Weapons
 b - a +0 hunting sling
Missiles
 c - 87 stones
Armour
 f - a +0 cloak (worn)
Jewellery
 e - an amulet of the acrobat (around neck)
Scrolls
 g - a scroll of blinking
 h - a scroll of identify {unknown}
 i - a scroll of magic mapping
Potions
 a - 2 potions of attraction {unknown}
 d - 2 potions of magic {unknown}


   Skills:
 - Level 3.2 Fighting
 - Level 2.6 Dodging
 - Level 1.7 Stealth
 + Level 4.5 Unarmed Combat


You had 2 spell levels left.
You didn't know any spells.
Your spell library was empty.

Dungeon Overview and Level Annotations

Branches:
Dungeon (3/15)

Altars:

Annotations:
D:2 Sigmund


Innate Abilities, Weirdness & Mutations

Your plain brown scales are hard. (AC +5)
You cannot fit into any form of body armour.
You are cold-blooded and may be slowed by cold attacks.


Message History

You see here a hobgoblin corpse.
c - 92 stones (gained 1)
A gnoll comes into view. It is wielding a +0 halberd.
You see here a stone.
A gnoll is nearby!
A gnoll is nearby!
You shoot a stone. The gnoll shouts!
The stone hits the gnoll but does no damage.
You hear a shout!
You shoot a stone. The stone completely misses the gnoll.
You shoot a stone. The stone closely misses the gnoll.
A gnoll comes into view. It is wielding a +0 flail.
You shoot a stone. The stone barely misses the gnoll.
The gnoll shouts!
You shoot a stone.
The stone hits the gnoll but does no damage.
The gnoll barely misses you.
A gnoll comes into view. It is wielding a +0 halberd.
You see here a hobgoblin corpse.
There is a stone staircase leading up here.
You are now empty-handed.
The gnoll throws a throwing net.
The throwing net hits you.
You become entangled in the net!
You see here a throwing net.
The gnoll hits you from afar with a +0 halberd!
* * * LOW HITPOINT WARNING * * *
You struggle against the net.
The gnoll hits you from afar with a +0 halberd.
* * * LOW HITPOINT WARNING * * *
You tear a large gash into the net.
The gnoll hits you but does no damage.
The gnoll hits you from afar with a +0 halberd.
* * * LOW HITPOINT WARNING * * *
Unknown command.
You rip the net and break free!
The gnoll barely misses you. x2
Unknown command.
The gnoll hits you from afar with a +0 halberd.
* * * LOW HITPOINT WARNING * * *
The gnoll hits you with a +0 flail!
You die...

#......####
#.........#
####..###.#
##.######....#.#
....[...#.#.#.#
#.#####.#.....#
#.##.#####.###)####.#
#...................#
####.#)#...@.....####
((..#...#g#.###.#
#......gg.# .#
#+###.##..###.##
#.#.........
#.......####
###...#.####
#...#.....
######.g.......


You could see 2 gnolls.

Vanquished Creatures
  A dart slug (D:2)
  3 ball pythons
  5 bats
  5 endoplasms
  A giant cockroach (D:2)
  4 goblins
  3 hobgoblins
  3 jackals (D:2)
  3 kobolds
  A quokka (D:1)
  5 frilled lizards
  5 rats
39 creatures vanquished.

Notes
Turn   | Place    | Note
-------+----------+-------------------------------------------
     0 | D:1      | pkoi the Draconian Monk began the quest for the Orb.
     0 | D:1      | Reached XP level 1. HP: 19/19 MP: 1/1
    82 | D:1      | Found a faded altar of an unknown god.
   608 | D:1      | Reached XP level 2. HP: 24/26 MP: 2/2
  1261 | D:2      | Reached skill level 4 in Unarmed Combat
  1350 | D:2      | Reached XP level 3. HP: 29/31 MP: 3/3
  1387 | D:2      | Noticed Sigmund
  2093 | D:3      | Slain by a gnoll

Illustrated notes

Levels and vault maps discovered:
D:1:      scummos_arrival_simple_crosswalls, layout_loops_ring,
          ebering_ecumenical_altar_abandoned
D:2:      layout_basic, uniq_sigmund
D:3:      layout_loops_cross, serial_rivers, chequers_serial_rivers_room_b,
          chequers_serial_rivers_small_3, chequers_serial_rivers_room_a,
          chequers_serial_rivers_room_a, chequers_serial_rivers_small_b,
          chequers_serial_rivers_small_a, hangedman_abyss_or_decor_lesser_grid,
          chequers_jeans, minmay_door_square, uniq_crazy_yiuf_cottage

Skill      XL: |  1  2 |
---------------+-------+-----
Unarmed Combat | 4 |  4.5
Fighting       | |  3.2
Dodging        | |  2.6
Stealth        | |  1.7

Action                   || total
-------------------------++-------
Melee: Unarmed           ||    21
       Tailslap          ||     4
       Punch             ||     1
 Fire: Hunting sling     ||    96
  Use: Scroll            ||     3
Armor: Skin              ||    11
Dodge: Dodged            ||    37
